 Dungeon Crawl Stone Soup version 0.20.1-1-g8b1a95d (webtiles) character file.

823734 b561248 the Swordmaster (level 27, -14/216 HPs)
             Began as a Barachi Gladiator on Dec 8, 2017.
             Was the Champion of Makhleb.
             Killed from afar by an orb of fire (28 damage)
             ... with a fireball
             ... on level 5 of the Realm of Zot on Dec 9, 2017.
             The game lasted 05:31:41 (80150 turns).

b561248 the Swordmaster (Barachi Gladiator)        Turns: 80150, Time: 05:31:42

Health: -14/216    AC: 33    Str: 21    XL:     27
Magic:  34/55      EV: 25    Int: 14    God:    Makhleb [******]
Gold:   6515       SH:  0    Dex: 19    Spells: 2/64 levels left

rFire    + . .     SeeInvis .   W - +9 triple sword (flame)
rCold    + . .     Gourm    .   (shield currently unavailable)
rNeg     + + .     Faith    +   y - +7 Kryia's mail coat {PotionHeal*2 rC+}
rPois    +         Spirit   .   H - +2 hat {MR+}
rElec    .         Reflect  .   U - +2 cloak
rCorr    .         Harm     .   c - +2 pair of gloves {Dex+3}
MR       +++++     Rnd*Rage +   R - +2 pair of boots {Stlth+}
Stlth    ++++++....             l - amulet of faith
Regen    0.5/turn               k - ring of Ebbuef {rF+ rN++ MP+9 Stlth+}
MPRegen  0.4/turn               v - ring "Mican" {rPois MR++}

@: about to teleport, death channel, can't hop, very slightly contaminated,
studying Translocations, deflect missiles, slow
A: +LOS, swims, antennae 1, beak, berserk 2, frail 1, magic resistance 1,
screaming 2, slowness 1, wild magic 1, MP-powered wands, strong legs 2
}: 5/15 runes: decaying, slimy, silver, abyssal, gossamer
a: Hop, Minor Destruction, Lesser Servant of Makhleb, Major Destruction, Greater
Servant of Makhleb, Renounce Religion


You were on level 5 of the Realm of Zot.
You worshipped Makhleb.
Makhleb was exalted by your worship.
You were hungry.

You visited 11 branches of the dungeon, and saw 57 of its levels.
You visited the Abyss 1 time.
You visited 1 bazaar.
You also visited: Trove, Ice Cave and Desolation.

You collected 8259 gold pieces.
You spent 1744 gold pieces at shops.

Inventory:

Hand Weapons
 b - the +3 triple sword of Profit {slice, rPois Int+5}
   (You found it in a treasure trove)

   It inflicts extra damage upon your enemies.
   It affects your intelligence (+5).
   It protects you from poison.
 W - a +9 triple sword of flaming (weapon)
Armour
 c - a +2 pair of gloves of dexterity (worn)
 y - the +7 Kryia's mail coat (worn) {PotionHeal*2 rC+}
   (You bought it in a shop on level 2 of the Orcish Mines)

   It protects you from cold.
 H - a +2 hat of magic resistance (worn)
 R - a +2 pair of boots of stealth (worn)
 U - a +2 cloak (worn)
Jewellery
 k - the ring of Ebbuef (left hand) {rF+ rN++ MP+9 Stlth+}
   (You took it off a hell knight on level 3 of the Depths)

   [ring of magical power]

   It protects you from fire.
   It greatly protects you from negative energy.
   It affects your magic capacity (+9).
   It makes you more stealthy.
 l - an amulet of faith (around neck)
 v - the ring "Mican" (right hand) {rPois MR++}
   (You took it off a spriggan rider on level 3 of the Depths)

   [ring of poison resistance]

   It protects you from poison.
   It affects your resistance to hostile enchantments.
 E - the ring of Ziutwoel {rElec rF+ MP+9 Dex-3}
   (You found it in the Desolation of Salt)

   [ring of magical power]

   It affects your dexterity (-3).
   It protects you from fire.
   It insulates you from electricity.
   It affects your magic capacity (+9).
 K - a ring of the Octopus King {rC+ AC+1 EV+1 Str+1 Int+1 Dex+1}
   (You took it off an orc on level 3 of the Depths)

   [ring of protection from cold]

   It affects your AC (+1).
   It affects your evasion (+1).
   It affects your strength (+1).
   It affects your intelligence (+1).
   It affects your dexterity (+1).
   It protects you from cold.
 Z - an uncursed ring of protection from magic
Wands
 d - a wand of scattershot (3/9)
 A - a wand of digging (13/24)
 I - a wand of acid (4/15)
 Y - a wand of clouds (1/9)
Scrolls
 a - 8 scrolls of identify
 e - 4 scrolls of amnesia
 h - 4 scrolls of enchant weapon
 i - 3 scrolls of blinking
 j - 15 scrolls of teleportation
 m - 13 scrolls of recharging
 s - 25 scrolls of remove curse
 B - a scroll of brand weapon
 L - 5 scrolls of fog
 M - 8 scrolls of fear
 N - 4 scrolls of magic mapping
 T - 5 scrolls of enchant armour
Potions
 g - 7 potions of flight
 o - 3 potions of cancellation
 q - 5 potions of resistance
 r - a potion of invisibility
 t - 5 potions of might
 u - 8 potions of haste
 w - 4 potions of magic
 x - 3 potions of brilliance
 z - 3 potions of berserk rage
 C - 9 potions of agility
 G - 13 potions of curing
Books
 Q - a manual of Translocations
 V - a Necronomicon

   Spells                             Type                      Level
   a - Haunt                          Necromancy/Summoning         7
   b - Borgnjor's Revivification      Necromancy                   8
   c - Death's Door                   Charms/Necromancy            8
   d - Infestation                    Necromancy                   8
   e - Necromutation                  Transmutation/Necromancy     8
Miscellaneous
 n - a phial of floods
 p - a lamp of fire
 D - a fan of gales
 J - 4 phantom mirrors
 P - a lightning rod (4/4)
Comestibles
 f - 19 bread rations
 F - 7 chunks of flesh
 O - 21 meat rations
 X - 19 fruits


   Skills:
 * Level 24.5 Fighting
 O Level 27 Long Blades
 - Level 2.0 Throwing
 - Level 22.0 Armour
 - Level 19.0 Dodging
 - Level 11.0 Stealth
 - Level 19.0 Spellcasting
 - Level 14.0 Charms
 - Level 18.0 Summonings
 - Level 15.4 Necromancy
 - Level 6.0 Translocations
 - Level 14.4 Air Magic
 - Level 11.2 Invocations
 - Level 16.7 Evocations


You had 2 spell levels left.
You knew the following spells:

 Your Spells              Type           Power        Failure   Level  Hunger
a - Blink                 Tloc           N/A          1%          2    None
b - Regeneration          Chrm/Necr      ######....   1%          3    None
c - Agony                 Necr           ######..     1%          5    ####...
d - Summon Lightning Spi  Summ/Air       ######..     1%          4    None
e - Dispel Undead         Necr           ######..     1%          5    ####...
f - Death Channel         Necr           ######....   3%          6    #####..
g - Corpse Rot            Necr           N/A          1%          2    None
h - Conjure Flame         Conj/Fire      ###.....     30%         3    None
i - Apportation           Tloc           #####.       1%          1    None
j - Animate Skeleton      Necr           N/A          1%          1    None
k - Animate Dead          Necr           N/A          1%          4    None
l - Deflect Missiles      Chrm/Air       ######....   5%          6    #####..
m - Shadow Creatures      Summ           N/A          1%          6    #####..
n - Control Undead        Necr           ######....   1%          4    None
o - Haunt                 Necr/Summ      ######....   10%         7    #######
p - Spectral Weapon       Hex/Chrm       #####...     2%          3    None


Dungeon Overview and Level Annotations

Branches:
Dungeon (15/15)            Temple (0/1) D:4            Lair (6/6) D:10
  Swamp (4/4) Lair:2       Spider (4/4) Lair:2        Slime (5/5) Lair:5
    Orc (2/2) D:10            Elf (3/3) Orc:2        Vaults (5/5) D:13
  Crypt (3/3) Vaults:3       Tomb (0/3) Crypt:3      Depths (5/5) D:15
    Zot (5/5) Depths:5

Altars:
Ashenzari
Dithmenos
Fedhas
Gozag
Hepliaklqana
Makhleb
Nemelex Xobeh
Ru
Uskayaw
Vehumet
Yredelemnul
Zin
The Shining One
Beogh
Jiyva
Lugonu

Shops:
D:10 !   Orc:2 %*[}   Elf:1 (   Elf:2 *:*((   Elf:3 (   Vaults:1 (   Vaults:3 (
Zot:3 *   Depths:1 }

Portals:
Hell: Depths:1 Depths:2 Depths:3 Depths:4 Depths:5
Abyss: Depths:1 Depths:3 Depths:4 Depths:5
Pandemonium: Depths:3
Ziggurat: Depths:4

Annotations:
D:4 exclusion: downstairs
D:7 exclusion: downstairs
D:9 exclusion: 2 downstairs
D:13 exclusion: downstairs
Lair:1 exclusion: downstairs
Swamp:1 exclusion: 2 downstairs
Swamp:3 exclusion: 2 downstairs
Spider:2 exclusion: Roxanne, Roxanne
Spider:4 exclusion: 3 doors
Elf:1 exclusion: downstairs
Elf:2 2 runed doors, exclusion: downstairs
Depths:2 exclusion: 2 upstairs
Depths:3 exclusion: downstairs
Depths:4 exclusion: downstairs


Innate Abilities, Weirdness & Mutations

Shadows flee at your approach. (+LOS)
You can swim through water.
You cover ground slowly.
You can hop longer distances.
You have a pair of small antennae on your head.
You have a beak for a mouth.
You often lose your temper in combat.
You are frail. (-10% HP)
You are resistant to hostile enchantments. (MR+)
You sometimes yell uncontrollably at your foes.
Your spells are a little harder to cast, but a little more powerful.
You expend magic power (3 MP) to strengthen your wands.


Message History

You miscast Haunt.
You are very lightly contaminated with residual magic.
A fistful of eyes flickers past your view.
You are feeling hungry.
You hear a deafening roar!
The orb of fire glows bright magenta.
The fireball explodes!
The fireball engulfs the orb of fire.
The orb of fire completely resists.
The fireball engulfs you! You resist.
* * * LOW HITPOINT WARNING * * *
The fireball engulfs the orb of fire.
The orb of fire completely resists.
The orb of fire glows bright magenta.
The fireball explodes!
The fireball engulfs you! You resist.
* * * LOW HITPOINT WARNING * * *
The fireball engulfs the orb of fire.
The orb of fire completely resists.
Your blizzard demon is engulfed in freezing vapours.
Your blizzard demon hits the orb of fire. x2
The orb of fire glows deep purple.
The fireball explodes!
The fireball engulfs the orb of fire.
The orb of fire completely resists.
The fireball engulfs you! You resist.
You die...

.##....##<##.....#.............'.
####.###..†##...#.#.8...#......##
#[....'.....[....#.....#......###
...#..##...##................##..
#..⌠##.##.##.......#.#..#<..###..
.....########...#...#...###'#....
...###..#.#######................
...#.#....#.# #....##...........
.#.....#....# #@**2§#........#..
########▓▓▓▓########y########▓▓▓▓
,,,,,,,** #......§........# *
,,,,,,,,** ##......*......## **
,,,,,,,,,** #......2......# **,
........,,* ##.....y.....## *,,
......L.,,* #.......)..)# *,,
........,,* ##...y.......## *,,
........,,* #.............# *,,


You could see 2 orbs of fire, a moth of wrath and a friendly blizzard demon.

Vanquished Creatures
  4 ancient liches
  3 orbs of fire
  A juggernaut (Depths:5)
  A caustic shrike (Depths:3)
  Margery (Depths:3)
  Bai Suzhen (Spider:3)
  Saint Roka (Depths:3)
  Xtahua (Crypt:3)
  6 Killer Klowns
  3 curse toes
  11 golden dragons
  Jory (Crypt:3)
  Arachne (Spider:1)
  13 bone dragons
  2 profane servitors (Abyss:5)
  2 electric golems (Zot:5)
  A shard shrike zombie (Crypt:1)
  20 tentacled monstrosities
  12 liches
  4 titans (Vaults:5)
  8 Orb Guardians (Zot:5)
  5 quicksilver dragons
  2 deep elf blademasters (Elf:3)
  Asterion (Elf:1)
  27 acid blobs
  2 Executioners (Abyss:3)
  3 deep elf master archers (Elf:3)
  An acid blob (shapeshifter) (Vaults:5)
  Frances (Swamp:2)
  Kirke (D:15)
  5 death cobs
  14 shadow dragons
  Agnes (Spider:3)
  26 tentacled starspawn
  3 thorn hunters
  A sphinx (Vaults:2)
  4 tengu reavers
  2 ancient champions (Crypt:2)
  A shadow dragon (shapeshifter) (Vaults:5)
  15 storm dragons
  8 draconian monks
  15 azure jellies
  2 revenants
  A nagaraja (Abyss:3)
  10 fire giants
  9 frost giants
  A cacodemon (Abyss:5)
  14 vault wardens
  10 deep elf sorcerers
  An iron dragon (Vaults:5)
  4 orc warlords
  A draconian scorcher (Zot:3)
  2 curse skulls
  4 imperial myrmidons (Desolation)
  11 ghouls
  3 draconian knights
  12 ghost moths
  4 emperor scorpions
  3 draconian stormcallers
  4 draconian shifters
  2 balrugs
  3 spriggan defenders
  An angel (Abyss:4)
  4 deep elf elementalists
  7 draconian annihilators
  3 war gargoyles (Vaults:5)
  A reaper (Crypt:2)
  25 stone giants
  7 entropy weavers
  16 vampire knights
  31 very ugly things
  20 ironheart preservers
  6 green draconians
  4 lorocyprocas
  68 starcursed masses
  5 deep elf demonologists
  4 red draconians
  12 black draconians
  5 purple draconians
  11 yellow draconians
  5 spark wasps
  7 white draconians
  Azrael (D:14)
  18 ettins
  5 deep elf annihilators
  2 halazid warlocks (Desolation)
  4 merfolk javelineers
  The ghost of clownbabyjr the Fencer, a journeyman MiFi of Okawaru (D:13)
  A green death (Abyss:5)
  8 deep elf death magi
  4 eidola
  6 death oozes
  2 blizzard demons (IceCv)
  3 quicksilver dragon skeletons
  25 yaktaur captains
  6 ragged hierophants (Desolation)
  The ghost of richr the Cleaver, a journeyman MiBe of Trog (Lair:2)
  4 deep elf high priests (Elf:3)
  9 jiangshi
  13 fire dragons
  19 great orbs of eyes
  A naga warrior (Abyss:3)
  3 servants of whispers (Desolation)
  6 rakshasas
  22 hydras
  19 ice dragons
  10 peacekeepers (Desolation)
  6 spriggan air magi
  35 vault guards
  An ice dragon (shapeshifter) (Vaults:5)
  Erica (Orc:2)
  3 death knights
  52 two-headed ogres
  4 catoblepae
  17 centaur warriors
  19 ogre magi
  A merfolk aquamancer (Depths:3)
  22 dancing weapons
  14 vampire magi
  4 alligators
  7 tengu warriors
  7 deep troll shamans
  A satyr (Abyss:3)
  14 death yaks
  4 deep troll earth magi
  15 hell hogs
  38 thrashing horrors
  A queen ant (Spider:2)
  Urug (Lair:3)
  5 spriggan berserkers
  A storm dragon zombie (Crypt:3)
  3 sun demons
  6 orc high priests
  3 soul eaters
  26 deep elf knights
  7 iron trolls
  24 wretched stars
  39 skeletal warriors
  5 sixfirhies
  8 hell knights
  3 shadow wraiths
  10 glowing orange brains
  12 flayed ghosts
  A sea snake (shapeshifter) (Abyss:4)
  5 unseen horrors
  25 deep trolls
  15 ironbrand convokers
  9 spatial maelstroms
  A death drake (shapeshifter) (Abyss:5)
  13 swamp dragons
  19 deep elf archers
  3 lindwurms (Swamp:4)
  5 spriggan druids
  A glowing orange brain (shapeshifter) (Vaults:2)
  3 shambling mangroves
  A lindwurm (shapeshifter) (Vaults:3)
  An orange crystal statue (Depths:1)
  61 deep elf magi
  6 wizards
  A harpy (shapeshifter) (Depths:1)
  19 phantasmal warriors
  19 orc knights
  An orb spider (shapeshifter) (Depths:1)
  25 orb spiders
  62 large abominations
  2 iron dragon zombies
  9 necromancers
  2 wolf spider zombies
  9 oklob plants (Zot:2)
  4 shining eyes
  8 orc sorcerers
  A wolf spider (shapeshifter) (Depths:3)
  29 wolf spiders
  7 cyclopes
  A stone giant zombie (Abyss:5)
  An iron dragon skeleton (Crypt:2)
  3 manticores
  3 salamanders
  44 ugly things
  6 worldbinders
  An ice statue (IceCv)
  A cyclops (shapeshifter) (Depths:3)
  2 rust devils
  14 vault sentinels
  32 moths of wrath
  9 elephants
  A guardian serpent (shapeshifter) (Vaults:1)
  A dire elephant zombie (Crypt:3)
  3 stone giant skeletons
  7 guardian serpents
  2 naga magi
  3 orange demons (Abyss:5)
  2 molten gargoyles (Desolation)
  25 smoke demons
  2 centaur zombies
  4 black mambas
  5 torpor snails
  An eye of devastation (Slime:5)
  2 gargoyles
  22 spiny frogs
  8 apocalypse crabs
  A pale draconian zombie (Crypt:1)
  18 freezing wraiths
  A spiny frog (shapeshifter) (Vaults:3)
  59 yaktaurs
  3 rime drakes
  A catoblepas zombie (Crypt:3)
  A dire elephant skeleton (Abyss:5)
  7 komodo dragons
  2 kobold demonologists (D:14)
  2 golden dragon simulacra (IceCv)
  A yaktaur (shapeshifter) (Depths:4)
  3 tormentors
  14 demonic crawlers
  A death yak skeleton (Crypt:2)
  5 hellwings
  4 anaconda simulacra (IceCv)
  A komodo dragon (shapeshifter) (Depths:4)
  4 efreet
  3 ice devils (IceCv)
  4 tengu conjurers
  20 ancient zymes
  A harpy zombie (Crypt:3)
  A hydra zombie (Crypt:3)
  A troll (shapeshifter) (Abyss:5)
  9 trolls
  3 meliai (D:15)
  2 red devils
  41 jumping spiders
  8 tyrant leeches
  9 bog bodies
  35 hornets
  A death drake skeleton (Crypt:2)
  7 dream sheep (Lair:4)
  45 saltlings (Desolation)
  54 blink frogs
  2 wolf spider simulacra (IceCv)
  A slime creature (shapeshifter) (Depths:1)
  78 slime creatures
  62 raiju
  A guardian serpent zombie (Crypt:1)
  An ettin zombie (Abyss:3)
  A dream sheep (shapeshifter) (D:13)
  A stone giant simulacrum (Abyss:3)
  13 spriggans
  7 flying skulls
  A vampire (Abyss:1)
  8 air elementals
  36 tarantellas
  6 shadows
  12 hippogriffs
  A spriggan (shapeshifter) (Depths:3)
  3 dire elephant simulacra (IceCv)
  19 ynoxinuls
  5 humans
  A human (shapeshifter) (Depths:3)
  3 wyverns
  A black mamba skeleton (Abyss:3)
  87 redbacks
  24 water elementals
  42 yaks
  3 fire bats
  11 wraiths
  2 hogs (D:15)
  6 golden eyes (Abyss:5)
  2 golden eyes (shapeshifter)
  9 fire elementals
  3 basilisks
  11 chaos spawn
  A steam dragon (D:13)
  2 hungry ghosts (D:14)
  Grum (D:8)
  12 vampire mosquitoes
  11 neqoxecs
  13 insubstantial wisps
  14 wargs
  A harpy simulacrum (Abyss:3)
  An iron troll simulacrum (IceCv)
  21 swamp worms
  21 soldier ants
  A naga (Abyss:5)
  21 hell hounds
  An acid dragon (D:15)
  14 water moccasins
  6 spatial vortices
  2 floating eyes (Depths:3)
  A gelid demonspawn skeleton (Crypt:3)
  5 hydra simulacra (IceCv)
  8 porcupines
  A monstrous demonspawn skeleton (Crypt:3)
  An orb spider zombie (Crypt:3)
  A floating eye (shapeshifter) (Depths:3)
  35 small abominations
  A porcupine (shapeshifter) (Abyss:5)
  2 black bears
  65 orc warriors
  3 phantoms
  3 sky beasts
  10 swamp drakes
  4 eyes of draining
  3 ice beasts
  64 ogres
  18 boggarts
  A swamp dragon zombie (Crypt:2)
  5 necrophages
  37 wolves
  A tengu (shapeshifter) (Depths:1)
  A centaur (shapeshifter) (Vaults:5)
  14 centaurs
  9 crocodiles
  A manticore skeleton (Crypt:2)
  2 big kobolds
  A rime drake zombie (Crypt:2)
  A rime drake skeleton (Crypt:1)
  4 earth elementals (Spider:3)
  19 bullfrogs
  A glowing shapeshifter simulacrum (Vaults:3)
  A raiju zombie (Crypt:3)
  5 scorpions
  A snapping turtle simulacrum (Abyss:3)
  11 killer bees
  12 wights
  5 howler monkeys
  6 electric eels
  A yak skeleton (Crypt:1)
  8 crimson imps
  3 draconian simulacra (IceCv)
  2 quasits
  9 centaur skeletons
  5 hounds
  A human zombie (Crypt:3)
  34 orc priests
  10 jellies
  22 orc wizards
  A bullfrog skeleton (D:13)
  3 iron imps (Abyss:3)
  2 hell rats (D:10)
  A black bear skeleton (Crypt:3)
  5 iguanas
  A troll simulacrum (IceCv)
  27 worker ants
  A polar bear simulacrum (IceCv)
  A shapeshifter simulacrum (Depths:1)
  2 centaur simulacra (IceCv)
  A crocodile skeleton (Crypt:1)
  2 hound zombies
  2 hound skeletons
  5 worker ant zombies
  23 adders
  4 gnolls (D:5)
  2 naga simulacra (IceCv)
  4 ogre simulacra (IceCv)
  A river rat (D:10)
  6 shadow imps
  13 white imps
  14 ufetubi
  5 oozes
  An iguana zombie (Crypt:3)
  2 adder skeletons
  An iguana skeleton (Crypt:2)
  2 worms
  2 barachi skeletons
  2 dart slugs
  3 leopard geckos
  121 orcs
  A bat skeleton (Crypt:2)
  4 giant cockroaches
  7 goblins
  11 hobgoblins
  18 jackals
  13 kobolds
  8 quokkas
  A ball python (D:1)
  10 bats
  8 frilled lizards
  A gnoll skeleton (Crypt:2)
  A quokka zombie (D:7)
  8 rats
  A river rat skeleton (Crypt:3)
  3 briar patches
  2 crawling corpses (Elf:3)
  2 lurking horrors
  2 plants
  24 starspawn tentacles
3583 creatures vanquished.

Vanquished Creatures (collateral kills)
  the Royal Jelly (Slime:5)
  Mara (Depths:1)
  An ancient lich (Vaults:5)
  A juggernaut (Depths:5)
  3 Killer Klowns (Zot:3)
  A golden dragon (Zot:4)
  5 tentacled monstrosities
  2 titans (Vaults:5)
  4 acid blobs (Slime:5)
  2 liches
  A deep elf master archer (Elf:3)
  An ancient champion (Depths:3)
  A death cob (Zot:5)
  A tengu reaver (Vaults:5)
  A sphinx (Vaults:5)
  5 shadow dragons
  4 storm dragons
  3 azure jellies (Slime:5)
  4 fire giants
  An iron dragon (Depths:5)
  3 vault wardens (Vaults:5)
  A draconian shifter (Zot:3)
  2 deep elf sorcerers
  2 frost giants
  A draconian scorcher (Zot:4)
  2 draconian knights
  2 ghost moths
  Louise (D:14)
  Aizul (Swamp:2)
  2 ghouls (Crypt:2)
  A deep elf elementalist (Elf:3)
  A war gargoyle (Vaults:5)
  A spriggan defender (Depths:3)
  A draconian annihilator (Zot:4)
  A very ugly thing (Depths:4)
  2 stone giants
  4 vampire knights
  3 purple draconians
  A green draconian (Zot:2)
  4 black draconians
  2 yellow draconians
  A spark wasp (Depths:4)
  A white draconian (Zot:5)
  3 death oozes (Slime:5)
  4 fire dragons
  An ogre mage (Depths:4)
  3 ettins
  A deep elf death mage (Vaults:5)
  A jiangshi (Crypt:3)
  A deep elf high priest (Vaults:5)
  3 yaktaur captains
  6 vault guards (Vaults:5)
  A hydra (D:11)
  A ragged hierophant (Desolation)
  An ice dragon (Depths:4)
  3 great orbs of eyes
  A rakshasa (Depths:3)
  A death knight (Vaults:5)
  The ghost of RotoRooter the Cleaver, a novice HOFi of Beogh (D:9)
  3 tengu warriors
  A deep troll shaman (Depths:4)
  A deep troll earth mage (Depths:5)
  3 two-headed ogres
  A spriggan berserker (Depths:4)
  A shock serpent (shapeshifter) (Vaults:5)
  Sonja (D:14)
  A thrashing horror (Abyss:3)
  A naga sharpshooter (Depths:3)
  A deep elf knight (Vaults:2)
  A storm dragon zombie (Crypt:3)
  A shadow wraith (Vaults:5)
  7 skeletal warriors
  A wizard (Depths:4)
  4 deep trolls
  A necromancer (Crypt:2)
  An orc knight (Vaults:5)
  3 deep elf magi
  A stone giant zombie (Crypt:3)
  A moth of wrath (Zot:2)
  2 oklob plants (Zot:2)
  6 ugly things
  A black mamba (shapeshifter) (Vaults:5)
  An orange demon (Abyss:3)
  A kobold demonologist (D:14)
  10 yaktaurs
  2 red devils (Abyss:3)
  A saltling (Desolation)
  A hornet (Depths:3)
  Prince Ribbit (Lair:3)
  2 slime creatures
  2 raiju (Abyss:4)
  A hippogriff (D:9)
  An ice dragon zombie (Crypt:3)
  2 blink frogs (Lair:3)
  2 water elementals (Depths:4)
  A flying skull (Crypt:3)
  2 spriggans
  A ynoxinul (Abyss:3)
  2 wraiths (Crypt:3)
  A human (Zot:3)
  2 wargs
  A vampire mosquito (Swamp:1)
  A gelid demonspawn zombie (Crypt:3)
  A hell hound (Depths:1)
  A necrophage (Crypt:3)
  2 orc warriors
  5 ogres
  A wight (Crypt:1)
  A starcursed mass (Abyss:5)
  An orc wizard (D:9)
  3 orcs
  2 kobolds (D:14)
  2 bushes (Zot:2)
  3 fungi (Zot:2)
  A lurking horror (Abyss:5)
  6 plants (Depths:4)
  A starspawn tentacle (Abyss:5)
227 creatures vanquished.

Vanquished Creatures (others)
  A lich (Abyss:4)
  A tengu reaver (Vaults:5)
  A ghost moth (Abyss:4)
  A yellow draconian (Zot:4)
  A vault guard (Vaults:5)
  A death knight (Abyss:3)
  An ogre mage (Vaults:1)
  2 deep elf knights
  A flayed ghost (Depths:5)
  A deep elf mage (Elf:2)
  A necromancer (Depths:3)
  2 moths of wrath (Zot:5)
  A smoke demon (Abyss:5)
  A yaktaur (Vaults:5)
  An ancient zyme (Abyss:5)
  2 blink frogs
  2 slime creatures (Depths:4)
  2 water elementals
  A human (D:15)
  3 small abominations (Abyss:5)
  A hell hound (Depths:1)
  An eye of draining (Slime:4)
  A centaur (D:13)
  2 boggarts (Depths:1)
  A jelly (Abyss:5)
  A bush (Lair:6)
  30 fungi
  2 lurking horrors
  19 plants
  13 spectral weapons
  55 starspawn tentacles
153 creatures vanquished.

Grand Total: 3963 creatures vanquished

Notes
Turn   | Place    | Note
-------+----------+-------------------------------------------
     0 | D:1      | b561248 the Barachi Gladiator began the quest for the Orb.
     0 | D:1      | Reached XP level 1. HP: 17/17 MP: 1/1
   144 | D:1      | Reached skill level 4 in Long Blades
   144 | D:1      | Reached XP level 2. HP: 19/23 MP: 2/2
   347 | D:1      | Reached XP level 3. HP: 25/29 MP: 3/3
   697 | D:2      | Found a burning altar of Makhleb.
   697 | D:2      | Noticed an Executioner
   700 | D:2      | Noticed a hellwing
   700 | D:2      | Noticed a smoke demon
   702 | D:2      | Became a worshipper of Makhleb the Destroyer
   731 | D:2      | Reached skill level 5 in Long Blades
   773 | D:2      | Reached XP level 4. HP: 35/36 MP: 4/4
  2044 | D:3      | Reached * piety under Makhleb
  2131 | D:3      | Reached XP level 5. HP: 21/42 MP: 5/5
  2137 | D:3      | Reached skill level 6 in Long Blades
  2531 | D:3      | Noticed a hippogriff
  2540 | D:3      | Gained mutation: You have sharp fingernails. [potion of mutation]
  2540 | D:3      | Gained mutation: You are resistant to electric shocks. (rElec) [potion of mutation]
  2540 | D:3      | Gained mutation: You have a pair of small horns on your head. [potion of mutation]
  2540 | D:3      | Gained mutation: You possess an exceptional clarity of mind. [potion of mutation]
  2831 | D:4      | Found a radiant altar of Vehumet.
  2951 | D:4      | Found a staircase to the Ecumenical Temple.
  3028 | D:4      | Reached XP level 6. HP: 43/49 MP: 6/6
  3084 | D:4      | Found an opulent altar of Gozag.
  3084 | D:4      | Found a shadowy altar of Dithmenos.
  3324 | D:4      | Reached skill level 7 in Long Blades
  3717 | D:5      | Entered Level 5 of the Dungeon
  4081 | D:5      | Reached skill level 5 in Fighting
  4107 | D:5      | Noticed a water moccasin
  4126 | D:5      | Killed a water moccasin
  4296 | D:5      | Reached XP level 7. HP: 56/56 MP: 7/7
  4384 | D:5      | Reached skill level 8 in Long Blades
  4741 | D:5      | Reached ** piety under Makhleb
  4808 | D:5      | Reached skill level 9 in Long Blades
  4962 | D:5      | Reached XP level 8. HP: 60/65 MP: 8/8
  5351 | D:5      | Reached skill level 10 in Long Blades
  5394 | D:5      | Found a shattered altar of Ashenzari.
  5761 | D:6      | Reached skill level 1 in Armour
  5761 | D:6      | Reached skill level 1 in Invocations
  6207 | D:6      | Reached XP level 9. HP: 70/74 MP: 10/10
  6651 | D:3      | Reached skill level 11 in Long Blades
  7354 | D:7      | Reached *** piety under Makhleb
  7528 | D:7      | Found a blossoming altar of Fedhas.
  7586 | D:7      | Got a smoking platinum ring
  7587 | D:7      | Identified the ring "Lotean" {Wiz Dex+3} (You found it on level 7 of the Dungeon)
  7593 | D:7      | Found a sparkling altar of Nemelex Xobeh.
  7976 | D:8      | Noticed Grum
  8251 | D:8      | Identified the Tome of Clay
  8410 | D:8      | Noticed a two-headed ogre
  8423 | D:8      | Killed a two-headed ogre
  8423 | D:8      | Reached skill level 12 in Long Blades
  8423 | D:8      | Reached skill level 5 in Armour
  8423 | D:8      | Reached XP level 10. HP: 50/83 MP: 11/13
  8707 | D:8      | Killed Grum
  8923 | D:9      | Found a hazy altar of Hepliaklqana.
  8923 | D:9      | Found a sacrificial altar of Ru.
  9028 | D:9      | Found a hide-covered altar of Uskayaw.
  9088 | D:9      | Noticed a two-headed ogre
  9104 | D:9      | Killed a two-headed ogre
  9113 | D:9      | Noticed RotoRooter's ghost (novice HOFi)
  9154 | D:9      | Killed RotoRooter's ghost
  9154 | D:9      | Reached skill level 13 in Long Blades
  9660 | D:9      | Reached skill level 10 in Fighting
  9660 | D:9      | Reached skill level 5 in Invocations
  9787 | D:10     | Entered Level 10 of the Dungeon
  9881 | D:10     | Noticed a death yak
  9882 | D:10     | Noticed a death yak
 10004 | D:10     | Reached XP level 11. HP: 79/90 MP: 14/14
 10013 | D:10     | Found a staircase to the Orcish Mines.
 10083 | D:11     | Noticed a manticore
 10099 | D:11     | Killed a manticore
 10897 | D:11     | Reached skill level 14 in Long Blades
 10994 | D:11     | Noticed an eight-headed hydra
 11005 | D:11     | Killed an eight-headed hydra
 11005 | D:11     | Reached skill level 1 in Evocations
 11036 | D:11     | Noticed a two-headed ogre
 11043 | D:11     | Killed a two-headed ogre
 11122 | D:11     | Noticed a two-headed ogre
 11139 | D:11     | Reached **** piety under Makhleb
 11155 | D:11     | Killed a two-headed ogre
 11666 | D:12     | Noticed a red ugly thing
 11682 | D:12     | Killed a red ugly thing
 11846 | D:10     | Found a staircase to the Lair.
 11846 | D:10     | Noticed a cyan ugly thing
 11871 | D:11     | Killed a cyan ugly thing
 12067 | D:10     | Noticed a two-headed ogre
 12079 | D:10     | Killed a two-headed ogre
 12079 | D:10     | Reached skill level 5 in Dodging
 12079 | D:10     | Reached XP level 12. HP: 82/100 MP: 13/16
 12231 | Orc:1    | Entered Level 1 of the Orcish Mines
 12231 | Orc:1    | Noticed Erica
 12231 | Orc:1    | Noticed an orc warlord
 12352 | D:10     | Found Ivoxziwoige's Distillery.
 12358 | D:10     | Bought a potion of heal wounds for 55 gold pieces
 12403 | D:10     | Noticed a vault guard
 12433 | D:10     | Killed a vault guard
 12647 | D:10     | Found a portal to a secret trove of treasure.
 12824 | Lair:1   | Entered Level 1 of the Lair of Beasts
 13008 | Lair:1   | Reached ***** piety under Makhleb
 13748 | Lair:2   | Noticed richr's ghost (journeyman MiBe)
 13749 | Lair:2   | Got a crude ring mail
 13812 | Lair:1   | Identified the +1 ring mail "Ilotaq" {rN+} (You found it on level 2 of the Lair of Beasts)
 13901 | Lair:2   | Reached skill level 5 in Evocations
 13933 | Lair:3   | Noticed Urug
 13957 | Lair:3   | Killed Urug
 14603 | Lair:3   | Noticed Prince Ribbit
 14620 | Lair:3   | Killed Prince Ribbit
 15559 | Trove    | Entered a treasure trove
 15586 | Trove    | Identified the +5 demon blade of Hepliaklqana's Hatred {venom, rPois rC- Str+4} (You found it in a treasure trove)
 15595 | Trove    | Identified the +3 triple sword of Profit {slice, rPois Int+5} (You found it in a treasure trove)
 15611 | Trove    | Got a jewelled great sword
 15641 | Trove    | Got a faintly glowing hunting sling
 15658 | Trove    | Identified the +3 great sword "Exaoq" {slice, rElec Stlth+} (You found it in a treasure trove)
 15818 | Lair:4   | Reached skill level 10 in Armour
 16099 | Lair:4   | Gained mutation: You can hop longer distances. [Barachi growth]
 16099 | Lair:4   | Reached XP level 13. HP: 103/108 MP: 17/19
 16894 | Lair:5   | Reached skill level 15 in Long Blades
 16947 | Lair:5   | Identified the +4 hunting sling of the Living Dead {flame, rPois Int+3 Dex-3} (You found it in a treasure trove)
 17076 | Lair:5   | Found a staircase to the Slime Pits.
 17077 | Lair:5   | Found a viscous altar of Jiyva.
 17209 | Lair:5   | Reached skill level 16 in Long Blades
 17885 | Lair:6   | Entered Level 6 of the Lair of Beasts
 18008 | Lair:6   | Reached skill level 17 in Long Blades
 18258 | Lair:6   | Reached XP level 14. HP: 91/115 MP: 15/20
 18289 | Lair:6   | Reached skill level 18 in Long Blades
 18708 | Lair:6   | Reached skill level 19 in Long Blades
 19124 | Lair:6   | Reached skill level 20 in Long Blades
 19341 | Lair:2   | Killed richr's ghost
 20133 | D:10     | Killed an orc warlord
 20359 | Orc:2    | Entered Level 2 of the Orcish Mines
 20404 | Orc:2    | Reached XP level 15. HP: 122/122 MP: 21/21
 20606 | Orc:2    | Noticed an orc warlord
 20621 | Orc:2    | Killed an orc warlord
 21069 | Orc:2    | Paralysed by an orc sorcerer for 2 turns
 21169 | Orc:2    | Identified the +3 ring mail of Reakazui {Dex+3} (You found it on level 2 of the Orcish Mines)
 21411 | Orc:2    | Found Oruuc's General Store.
 21456 | Orc:2    | Found a roughly hewn altar of Beogh.
 21460 | Orc:2    | Found Lurymid's Food Emporium.
 21483 | Orc:2    | Learned a level 2 spell: Blink
 21835 | Orc:2    | Noticed an orc warlord
 21836 | Orc:2    | Found a roughly hewn altar of Beogh.
 21870 | Orc:2    | Killed an orc warlord
 22007 | Orc:2    | Reached ****** piety under Makhleb
 22064 | Orc:2    | Found Seh Vito's Armour Shop.
 22163 | Orc:2    | Found Baec's Gadget Boutique.
 22449 | Orc:2    | Identified the Catalogue of Orientation and Snow
 22505 | Orc:2    | Found a staircase to the Elven Halls.
 23181 | Orc:2    | Killed Erica
 23622 | D:13     | Found a gate to the Vaults.
 23666 | D:13     | Reached skill level 10 in Invocations
 23978 | Lair:2   | Found a staircase to the Swamp.
 24053 | Lair:2   | Found a hole to the Spider Nest.
 24172 | Lair:2   | Reached XP level 16. HP: 133/133 MP: 21/23
 24752 | D:13     | Found a shattered altar of Ashenzari.
 24762 | D:13     | Noticed clownbabyjr's ghost (journeyman MiFi)
 24784 | D:13     | Killed clownbabyjr's ghost
 25008 | D:14     | Noticed Louise
 25110 | D:14     | Killed Louise
 25123 | D:14     | Noticed Sonja
 25126 | D:14     | Killed Sonja
 25271 | D:14     | Got a shimmering wooden ring
 25289 | D:14     | Identified the ring of Tyateo {*Tele *Contam rPois rC+ SInv} (You found it on level 14 of the Dungeon)
 25340 | D:14     | Found a basalt altar of Yredelemnul.
 25408 | D:14     | Noticed Azrael
 25421 | D:14     | Killed Azrael
 25805 | D:15     | Entered Level 15 of the Dungeon
 25830 | D:15     | Found a shadowy altar of Dithmenos.
 26225 | D:15     | Reached skill level 15 in Fighting
 26405 | D:15     | Reached skill level 10 in Evocations
 26441 | D:15     | Noticed Kirke
 26452 | D:15     | Noticed a sphinx
 26453 | D:15     | Killed Kirke
 26507 | D:15     | Found a staircase to the Depths.
 26546 | D:15     | Found a sacrificial altar of Ru.
 27230 | Swamp:1  | Entered Level 1 of the Swamp
 28013 | Swamp:2  | Noticed Frances
 28016 | Swamp:2  | Found a frozen archway.
 28020 | IceCv    | Entered an ice cave
 28055 | IceCv    | Reached XP level 17. HP: 85/142 MP: 25/25
 28762 | IceCv    | Reached skill level 21 in Long Blades
 29109 | IceCv    | Identified Vaneh's Volume of Ice and Sinister Secrets
 29283 | Swamp:2  | Killed Frances
 29402 | Swamp:2  | Learned a level 3 spell: Regeneration
 29408 | Swamp:2  | Learned a level 5 spell: Agony
 29567 | Swamp:2  | Noticed Aizul
 29579 | Swamp:2  | Killed Aizul
 29984 | Swamp:2  | Reached skill level 1 in Charms
 30005 | Swamp:2  | Reached skill level 1 in Spellcasting
 30069 | Swamp:2  | Reached skill level 1 in Necromancy
 30805 | Swamp:4  | Entered Level 4 of the Swamp
 31107 | Swamp:4  | Reached skill level 5 in Charms
 31146 | Swamp:4  | HP: 6/144 [large slime creature (32)]
 31589 | Swamp:4  | Reached skill level 5 in Spellcasting
 31863 | Swamp:4  | Got a decaying rune of Zot
 32236 | Swamp:2  | Reached XP level 18. HP: 151/151 MP: 26/26
 32287 | Spider:1 | Entered Level 1 of the Spider Nest
 32293 | Spider:1 | Reached skill level 5 in Necromancy
 32933 | Spider:2 | Noticed Arachne
 32958 | Spider:1 | Killed Arachne
 33244 | Spider:1 | Reached skill level 1 in Translocations
 34077 | Spider:2 | Learned a level 6 spell: Simulacrum
 34083 | Spider:2 | Learned a level 5 spell: Dispel Undead
 34090 | Spider:2 | Learned a level 6 spell: Ozocubu's Refrigeration
 34093 | Spider:2 | Learned a level 2 spell: Corpse Rot
 34097 | Spider:2 | Learned a level 3 spell: Conjure Flame
 34130 | Spider:2 | Noticed Roxanne
 34511 | Spider:2 | Learned a level 1 spell: Apportation
 34780 | Spider:2 | Reached skill level 5 in Translocations
 36188 | Spider:3 | Learned a level 1 spell: Animate Skeleton
 36285 | Spider:3 | Noticed Agnes
 36293 | Spider:3 | Killed Agnes
 36460 | Spider:4 | Entered Level 4 of the Spider Nest
 37077 | Spider:4 | Reached XP level 19. HP: 151/157 MP: 16/32
 37125 | Spider:4 | Noticed Bai Suzhen
 37439 | Spider:3 | Killed Bai Suzhen
 37439 | Spider:3 | Reached skill level 22 in Long Blades
 37895 | Spider:4 | Identified a scroll of acquirement
 37896 | Spider:4 | Got a distressingly furry buckler
 37903 | Spider:4 | Identified the +3 buckler "Yhiypysh" {rC+ MR- Dex+8} (You acquired it on level 4 of the Spider Nest)
 38723 | Spider:4 | Got a gossamer rune of Zot
 39418 | Vaults:1 | Entered Level 1 of the Vaults
 39476 | Vaults:1 | Reached skill level 23 in Long Blades
 39486 | Vaults:1 | Found Vuilelyst's Weapon Shop.
 39629 | Vaults:1 | Found a ruined gateway.
 39639 | Desolati | Entered the Desolation of Salt
 40173 | Desolati | Got a vibrating lapis lazuli ring
 40175 | Desolati | Identified the ring "Baazinar" {rF+ rN++ Str-2 Int-3 Stlth+} (You found it in the Desolation of Salt)
 40187 | Desolati | Got a crude cloak
 40193 | Desolati | Identified the +0 cloak of Existentialism {Slay+3} (You found it in the Desolation of Salt)
 40298 | Desolati | Got a smoking iron ring
 40300 | Desolati | Identified the cursed ring of Georymed {rC+ AC-3 Str-5 Int+2 Dex+2} (You found it in the Desolation of Salt)
 40409 | Desolati | Reached XP level 20. HP: 168/168 MP: 33/33
 40413 | Desolati | Reached skill level 24 in Long Blades
 40506 | Desolati | Got a brightly glowing copper ring
 40508 | Desolati | Identified the ring of Ziutwoel {rElec rF+ MP+9 Dex-3} (You found it in the Desolation of Salt)
 40513 | Desolati | Got a smoking jade ring
 40514 | Desolati | Identified the ring of the City {*Slow rC+ rN+ Dex+7 Stlth+} (You found it in the Desolation of Salt)
 40527 | Desolati | Identified Kutum's Guide on Glacial Poison
 41441 | Vaults:1 | Reached skill level 10 in Dodging
 42347 | Vaults:2 | Found a flickering gateway to a bazaar.
 42353 | Bazaar   | Entered a bazaar
 42359 | Bazaar   | Found Toacyth's Food Shop.
 42373 | Bazaar   | Found Qeobb's Food Boutique.
 42387 | Bazaar   | Found Lavy's Magic Scroll Shop.
 42401 | Bazaar   | Found Qymimn's Food Boutique.
 42429 | Bazaar   | Found Hoot's Food Boutique.
 42530 | Bazaar   | Bought a scroll of identify for 24 gold pieces
 42530 | Bazaar   | Bought a scroll of enchant weapon for 90 gold pieces
 42530 | Bazaar   | Bought a scroll of enchant armour for 90 gold pieces
 42530 | Bazaar   | Bought a scroll of identify for 24 gold pieces
 42530 | Bazaar   | Bought a scroll of identify for 24 gold pieces
 42530 | Bazaar   | Bought 3 scrolls of blinking for 270 gold pieces
 42530 | Bazaar   | Bought a scroll of teleportation for 36 gold pieces
 42689 | Vaults:2 | Reached XP level 21. HP: 108/178 MP: 34/34
 44793 | Vaults:3 | Identified the +4 ring mail "Dulokk" {rF++ Int-4} (You found it on level 3 of the Vaults)
 45041 | Vaults:3 | Found Paeleuzy's Weapon Emporium.
 45207 | Vaults:3 | Reached skill level 15 in Armour
 45396 | Vaults:3 | Identified the cursed +1 chain mail of Xuruarph {Str-3 Dex+4} (You found it on level 3 of the Vaults)
 45695 | Vaults:3 | Found a staircase to the Crypt.
 45885 | Vaults:3 | Learned a level 4 spell: Animate Dead
 46383 | Vaults:4 | Reached XP level 22. HP: 189/189 MP: 35/35
 46974 | Vaults:4 | Reached skill level 10 in Spellcasting
 47284 | Vaults:4 | Gained mutation: You are dopey. (Int -2) [mutagenic glow]
 47418 | Vaults:3 | Lost mutation: You possess an exceptional clarity of mind. [potion of mutation]
 47418 | Vaults:3 | Lost mutation: You have sharp fingernails. [potion of mutation]
 47418 | Vaults:3 | Gained mutation: Your spells are a little easier to cast, but a little less powerful. [potion of mutation]
 47418 | Vaults:3 | Gained mutation: You have large cloven feet. [potion of mutation]
 47419 | Vaults:3 | Lost mutation: You are resistant to electric shocks. (rElec) [potion of mutation]
 47419 | Vaults:3 | Lost mutation: You are dopey. (Int -2) [potion of mutation]
 47419 | Vaults:3 | Gained mutation: Your spells are easier to cast, but less powerful. [potion of mutation]
 47419 | Vaults:3 | Gained mutation: You are robust. (+10% HP) [potion of mutation]
 47419 | Vaults:3 | Gained mutation: You have a pair of horns on your head. [potion of mutation]
 47419 | Vaults:3 | Gained mutation: You are partially covered in large bone plates. (SH +4) [potion of mutation]
 47697 | Elf:1    | Entered Level 1 of the Elven Halls
 48314 | Elf:1    | Noticed Asterion
 48321 | Elf:1    | Killed Asterion
 48827 | Elf:1    | Found Peennos's Antique Weapon Shop.
 49179 | Elf:2    | Reached XP level 23. HP: 215/215 MP: 39/39
 49225 | Elf:2    | Found Pohubbaomy's Assorted Antiques.
 49250 | Elf:2    | Found Rutom's Book Emporium.
 49257 | Elf:2    | Bought a potion of heal wounds for 105 gold pieces
 49748 | Elf:2    | Found Leykeligh's Antique Weapon Emporium.
 49748 | Elf:2    | Found Gebes's Assorted Antiques.
 49761 | Elf:2    | Bought a scroll labeled ICLY XADGHA for 31 gold pieces
 49761 | Elf:2    | Bought a moonstone ring for 155 gold pieces
 49779 | Elf:2    | Learned a level 6 spell: Deflect Missiles
 49838 | Elf:2    | Found Fos Icke's Weapon Shoppe.
 49881 | Elf:2    | Reached skill level 1 in Air Magic
 49923 | Elf:2    | Found a runed door.
 49947 | Elf:2    | Found a runed door.
 50094 | Elf:3    | Entered Level 3 of the Elven Halls
 50384 | Elf:3    | Found Hacusser's Antique Weapon Shop.
 50556 | Elf:3    | Reached skill level 5 in Air Magic
 50857 | Elf:3    | Identified the ring of the Median {MP+9 Int+6 Dex-3} (You took it off a deep elf high priest on level 3 of the Elven Halls)
 51382 | Elf:3    | Identified the amulet "Aqefir" {Harm *Drain rF+ MP+9 Dex+4} (You took it off a deep elf annihilator on level 3 of the Elven Halls)
 51653 | Elf:3    | Identified the cursed +0 chain mail "Ixoniu Ifos" {-Cast MR+ Dex+4} (You took it off a deep elf master archer on level 3 of the Elven Halls)
 51802 | Orc:2    | Bought the +7 Kryia's mail coat {PotionHeal*2 rC+} for 840 gold pieces
 52095 | D:15     | Identified the +3 leather armour of Daujurghe {rF+ Str+2} (You found it on level 15 of the Dungeon)
 52138 | Depths:1 | Entered Level 1 of the Depths
 52536 | Depths:2 | Reached skill level 10 in Charms
 52602 | Depths:2 | Reached skill level 10 in Air Magic
 52969 | Depths:2 | Found a gateway to Hell.
 53100 | Depths:1 | Noticed Mara
 53166 | Depths:3 | Paralysed by a floating eye for 3 turns
 53193 | Depths:3 | Reached XP level 24. HP: 221/224 MP: 40/40
 53363 | Depths:3 | Found a burning altar of Makhleb.
 53462 | Depths:3 | Found a one-way gate leading to the halls of Pandemonium.
 53511 | Depths:3 | Noticed Margery
 53528 | Depths:3 | HP: 8/224 [Margery/fireball (63)]
 53722 | Depths:3 | Killed Margery
 53747 | Depths:3 | Got an ancient bronze ring
 53964 | Depths:3 | Reached skill level 15 in Spellcasting
 53972 | Depths:3 | Noticed Saint Roka
 53982 | Depths:3 | Killed Saint Roka
 54008 | Depths:3 | Got a pitted chain mail
 54033 | Depths:3 | Identified the +5 chain mail of Ru's Favour {rN+ MR++} (You found it on level 3 of the Depths)
 54057 | Depths:3 | Got a ring of the Octopus King
 54065 | Depths:3 | Identified the ring of Ebbuef {rF+ rN++ MP+9 Stlth+} (You took it off a hell knight on level 3 of the Depths)
 54067 | Depths:3 | Identified a ring of the Octopus King {rC+ AC+1 EV+1 Str+1 Int+1 Dex+1} (You took it off an orc on level 3 of the Depths)
 54091 | Depths:3 | Noticed a caustic shrike
 54492 | Depths:3 | Learned a level 6 spell: Shadow Creatures
 54644 | Depths:3 | Killed a caustic shrike
 54653 | Depths:3 | Reached skill level 1 in Summonings
 54703 | Depths:3 | Found a one-way gate to the infinite horrors of the Abyss.
 54790 | Depths:3 | Got a twitching steel ring
 54792 | Depths:3 | Identified the ring "Mican" {rPois MR++} (You took it off a spriggan rider on level 3 of the Depths)
 54906 | Depths:3 | Found a glowing silver altar of Zin.
 54942 | Depths:1 | Reached skill level 5 in Summonings
 55008 | Depths:1 | Noticed b561248's illusion
 55056 | Depths:1 | Found Anukuado's Gadget Shoppe.
 55428 | Depths:1 | Noticed b561248's illusion
 55858 | Vaults:3 | Learned a level 4 spell: Control Undead
 55866 | Vaults:3 | Learned a level 6 spell: Death Channel
 55913 | Crypt:1  | Entered Level 1 of the Crypt
 55927 | Crypt:1  | Reached XP level 25. HP: 231/231 MP: 43/43
 56646 | Crypt:1  | Lost mutation: You are partially covered in large bone plates. (SH +4) [potion of mutation]
 56646 | Crypt:1  | Lost mutation: You have a pair of horns on your head. [potion of mutation]
 56646 | Crypt:1  | Lost mutation: You are robust. (+10% HP) [potion of mutation]
 56646 | Crypt:1  | Lost mutation: You have large cloven feet. [potion of mutation]
 56646 | Crypt:1  | Gained mutation: You are surrounded by a mild repulsion field. (EV +2) [potion of mutation]
 56647 | Crypt:1  | Lost mutation: You have a pair of small horns on your head. [potion of mutation]
 56647 | Crypt:1  | Lost mutation: You are surrounded by a mild repulsion field. (EV +2) [potion of mutation]
 56647 | Crypt:1  | Gained mutation: You are partially covered in rugged brown scales. (AC +1, +3% HP) [potion of mutation]
 56647 | Crypt:1  | Gained mutation: You are partially covered in thin metallic scales. (AC +2) [potion of mutation]
 56647 | Crypt:1  | Gained mutation: You are agile. (Dex +2) [potion of mutation]
 56648 | Crypt:1  | Lost mutation: Your spells are easier to cast, but less powerful. [potion of mutation]
 56648 | Crypt:1  | Lost mutation: Your spells are a little easier to cast, but a little less powerful. [potion of mutation]
 56648 | Crypt:1  | Lost mutation: You are agile. (Dex +2) [potion of mutation]
 56648 | Crypt:1  | Lost mutation: You are partially covered in thin metallic scales. (AC +2) [potion of mutation]
 56648 | Crypt:1  | Lost mutation: You are partially covered in rugged brown scales. (AC +1, +3% HP) [potion of mutation]
 56648 | Crypt:1  | Gained mutation: Your spells are a little easier to cast, but a little less powerful. [potion of mutation]
 56648 | Crypt:1  | Gained mutation: You have a pair of small horns on your head. [potion of mutation]
 56649 | Crypt:1  | Lost mutation: Your spells are a little easier to cast, but a little less powerful. [potion of mutation]
 56649 | Crypt:1  | Lost mutation: You have a pair of small horns on your head. [potion of mutation]
 56649 | Crypt:1  | Gained mutation: You are somewhat resistant to further mutation. [potion of mutation]
 56649 | Crypt:1  | Gained mutation: You have large cloven feet. [potion of mutation]
 57367 | Crypt:2  | Reached skill level 10 in Necromancy
 57461 | Crypt:2  | Paralysed by the power of Zot for 4 turns
 58372 | Crypt:3  | Entered Level 3 of the Crypt
 58727 | Crypt:3  | Found a staircase to the Tomb.
 58737 | Crypt:3  | Noticed Xtahua
 58759 | Crypt:3  | Killed Xtahua
 58816 | Crypt:3  | Noticed Jory
 59278 | Crypt:3  | Found a basalt altar of Yredelemnul.
 59348 | Crypt:3  | Killed Jory
 59368 | Crypt:3  | Reached skill level 10 in Summonings
 59681 | Crypt:3  | Identified the Reference Book on Lightness and Flames
 59691 | Crypt:3  | Learned a level 4 spell: Summon Lightning Spire
 59697 | Crypt:3  | Got a jewelled ring mail
 59708 | Crypt:3  | Identified the +6 ring mail of Impatience {rN+ Int+2} (You found it on level 3 of the Crypt)
 60270 | Vaults:5 | Entered Level 5 of the Vaults
 60288 | Vaults:5 | Reached XP level 26. HP: 218/218 MP: 42/43
 60341 | Vaults:5 | Noticed an ancient lich
 60350 | Vaults:5 | Killed an ancient lich
 60601 | Vaults:5 | Noticed a juggernaut
 60601 | Vaults:5 | a titan changed into a juggernaut
 60601 | Vaults:5 | a juggernaut changed into a titan
 60603 | Vaults:5 | Noticed a shard shrike
 60603 | Vaults:5 | a titan changed into a shard shrike
 60604 | Vaults:5 | a shard shrike changed into a titan
 60606 | Vaults:5 | Noticed a shard shrike
 60606 | Vaults:5 | a titan changed into a shard shrike
 60607 | Vaults:5 | a shard shrike changed into a caustic shrike
 60824 | Vaults:5 | Got a crude granite ring
 60826 | Vaults:5 | Identified the ring "Kapeg" {Dex+2 SInv} (You took it off a vault guard on level 5 of the Vaults)
 60920 | Vaults:5 | Got a brightly glowing ring mail
 60954 | Vaults:5 | Identified the +4 ring mail "Xyvih" {rCorr} (You took it off a vault warden on level 5 of the Vaults)
 61453 | Vaults:5 | Identified the Almanac of Weightlessness (You found it on level 5 of the Vaults)
 61455 | Vaults:5 | Got a heavily runed helmet
 61466 | Vaults:5 | Identified the +2 helmet of Temperance {MR+ rCorr Str+4} (You found it on level 5 of the Vaults)
 61477 | Vaults:5 | Got an ichor-stained plate armour
 61488 | Vaults:5 | Identified the +4 plate armour of Hysteria {rN+ Slay+5} (You found it on level 5 of the Vaults)
 61525 | Vaults:5 | Got a smoking ring mail
 61536 | Vaults:5 | Identified the +4 ring mail of the Loofah {+Inv Dex+4} (You found it on level 5 of the Vaults)
 61559 | Vaults:5 | Got a silver rune of Zot
 61631 | Vaults:5 | Learned a level 7 spell: Haunt
 61805 | Vaults:5 | Reached XP level 27. HP: 224/224 MP: 44/44
 62336 | Depths:1 | Noticed b561248's illusion
 62346 | Depths:1 | Killed Mara
 62346 | Depths:1 | Reached skill level 15 in Summonings
 63069 | Depths:4 | Found a corrupted altar of Lugonu.
 63528 | Depths:4 | Found a gateway to a ziggurat.
 63770 | Depths:4 | Found a glowing golden altar of the Shining One.
 64045 | Depths:5 | Entered Level 5 of the Depths
 64050 | Depths:5 | Noticed a juggernaut
 64120 | Depths:5 | Noticed a juggernaut
 64135 | Depths:5 | Killed a juggernaut
 64179 | Depths:5 | Killed a juggernaut
 64526 | Depths:5 | Reached skill level 15 in Necromancy
 64650 | Depths:5 | Found a gate to the Realm of Zot.
 65335 | Slime:1  | Entered Level 1 of the Pits of Slime
 65476 | Slime:5  | Entered Level 5 of the Pits of Slime
 65770 | Slime:5  | Gained mutation: You are weak. (Str -2) [a shining eye]
 65874 | Slime:5  | Gained mutation: You have a pair of small horns on your head. [a shining eye]
 65887 | Slime:5  | Lost mutation: You are weak. (Str -2) [potion of mutation]
 65887 | Slime:5  | Lost mutation: You have large cloven feet. [potion of mutation]
 65887 | Slime:5  | Lost mutation: You have a pair of small horns on your head. [potion of mutation]
 65887 | Slime:5  | Lost mutation: You are somewhat resistant to further mutation. [potion of mutation]
 65887 | Slime:5  | Gained mutation: Your spells are a little harder to cast, but a little more powerful. [potion of mutation]
 65887 | Slime:5  | Gained mutation: Your magical capacity is low. (-10% MP) [potion of mutation]
 65887 | Slime:5  | Gained mutation: You occasionally shout uncontrollably at your foes. [potion of mutation]
 65887 | Slime:5  | Gained mutation: You have a pair of small horns on your head. [potion of mutation]
 65888 | Slime:5  | Lost mutation: You occasionally shout uncontrollably at your foes. [potion of mutation]
 65888 | Slime:5  | Lost mutation: Your magical capacity is low. (-10% MP) [potion of mutation]
 65888 | Slime:5  | Gained mutation: Your body sometimes deteriorates upon taking damage. [potion of mutation]
 65888 | Slime:5  | Gained mutation: Your spells are harder to cast, but more powerful. [potion of mutation]
 65889 | Slime:5  | Lost mutation: You have a pair of small horns on your head. [potion of mutation]
 65889 | Slime:5  | Lost mutation: Your body sometimes deteriorates upon taking damage. [potion of mutation]
 65889 | Slime:5  | Lost mutation: Your spells are harder to cast, but more powerful. [potion of mutation]
 65889 | Slime:5  | Lost mutation: Your spells are a little harder to cast, but a little more powerful. [potion of mutation]
 65889 | Slime:5  | Gained mutation: Your spells are a little harder to cast, but a little more powerful. [potion of mutation]
 65889 | Slime:5  | Gained mutation: You have a beak for a mouth. [potion of mutation]
 66686 | Slime:5  | Found a viscous altar of Jiyva.
 66686 | Slime:5  | Noticed the Royal Jelly
 66876 | Slime:4  | Reached skill level 15 in Dodging
 67357 | Slime:5  | Killed the Royal Jelly
 67366 | Slime:5  | Got a slimy rune of Zot
 68366 | Slime:5  | Got a slimy scale mail
 68404 | Slime:5  | Identified the +5 scale mail "Noapp" {Slay+5} (You found it on level 5 of the Pits of Slime)
 68422 | Slime:5  | Got a transparent scale mail
 68433 | Slime:5  | Identified the +1 scale mail of the Thistle {Str+2} (You found it on level 5 of the Pits of Slime)
 68490 | Slime:5  | Got a steaming ring mail
 68501 | Slime:5  | Identified the +2 ring mail "Earthly Heaven" {-Cast rF+ Int+3 Dex+8} (You found it on level 5 of the Pits of Slime)
 68535 | Slime:5  | Got an ancient lead amulet
 68536 | Slime:5  | Identified the amulet of Joamerch {Harm *Drain rPois rF- Str+4 Dex+3} (You found it on level 5 of the Pits of Slime)
 68971 | Depths:1 | Voluntarily entered the Abyss.
 69485 | Abyss:1  | Found a sacrificial altar of Ru.
 69839 | Abyss:3  | Found a corrupted altar of Lugonu.
 70775 | Abyss:3  | Noticed an ancient lich
 70793 | Abyss:3  | Paralysed by accursed screaming for 1 turns
 70795 | Abyss:3  | Killed an ancient lich
 70800 | Abyss:3  | Paralysed by accursed screaming for 1 turns
 70805 | Abyss:3  | Paralysed by accursed screaming for 2 turns
 71436 | Abyss:4  | Gained mutation: Your body sometimes deteriorates upon taking damage. [a neqoxec]
 71579 | Abyss:5  | Entered Level 5 of the Abyss
 71792 | Abyss:5  | Noticed an ancient lich
 71805 | Abyss:5  | Killed an ancient lich
 71805 | Abyss:5  | Reached skill level 25 in Long Blades
 71937 | Abyss:5  | Reached skill level 26 in Long Blades
 72131 | Abyss:5  | Gained mutation: You are clumsy. (Dex -2) [a cacodemon]
 72136 | Abyss:5  | Paralysed by accursed screaming for 1 turns
 72238 | Abyss:5  | Reached skill level 27 in Long Blades
 72476 | Abyss:5  | Found a corrupted altar of Lugonu.
 72700 | Abyss:5  | Gained mutation: Your magical capacity is low. (-10% MP) [a neqoxec]
 72779 | Abyss:5  | Reached skill level 1 in Stealth
 72798 | Abyss:5  | Gained mutation: Armour fits poorly on your strangely shaped body. [a neqoxec]
 73112 | Abyss:5  | Reached skill level 5 in Stealth
 73182 | Abyss:5  | Found a corrupted altar of Lugonu.
 73203 | Abyss:5  | Paralysed by accursed screaming for 1 turns
 73238 | Abyss:5  | Got an abyssal rune of Zot
 73342 | Depths:1 | Escaped the Abyss
 73343 | Depths:1 | Lost mutation: Your body sometimes deteriorates upon taking damage. [potion of mutation]
 73343 | Depths:1 | Lost mutation: Your magical capacity is low. (-10% MP) [potion of mutation]
 73343 | Depths:1 | Lost mutation: Your spells are a little harder to cast, but a little more powerful. [potion of mutation]
 73343 | Depths:1 | Lost mutation: You are clumsy. (Dex -2) [potion of mutation]
 73343 | Depths:1 | Lost mutation: Armour fits poorly on your strangely shaped body. [potion of mutation]
 73343 | Depths:1 | Gained mutation: You occasionally shout uncontrollably at your foes. [potion of mutation]
 73343 | Depths:1 | Gained mutation: You have a pair of small antennae on your head. [potion of mutation]
 73343 | Depths:1 | Gained mutation: Your spells are a little harder to cast, but a little more powerful. [potion of mutation]
 73506 | Zot:1    | Entered Level 1 of the Realm of Zot
 73555 | Zot:1    | You fall through a shaft!
 73714 | Zot:1    | Reached skill level 15 in Evocations
 74951 | Zot:2    | Reached skill level 10 in Stealth
 75896 | Zot:3    | Found Dentep's Changing Room.
 76229 | Zot:3    | Learned a level 3 spell: Spectral Weapon
 78516 | Zot:5    | Entered Level 5 of the Realm of Zot
 78709 | Zot:5    | Noticed an orb of fire
 78728 | Zot:5    | Killed an orb of fire
 78934 | Zot:5    | Noticed an ancient lich
 78947 | Zot:5    | Killed an ancient lich
 78956 | Zot:5    | Noticed an ancient lich
 78962 | Zot:5    | Killed an ancient lich
 79450 | Zot:5    | Noticed an orb of fire
 79467 | Zot:5    | Gained mutation: You expend magic power (3 MP) to strengthen your wands. [an orb of fire]
 79472 | Zot:4    | Gained mutation: You tend to lose your temper in combat. [an orb of fire]
 79483 | Zot:4    | Gained mutation: You often lose your temper in combat. [an orb of fire]
 79484 | Zot:4    | Killed an orb of fire
 80069 | Zot:5    | Noticed an orb of fire
 80080 | Zot:5    | Killed an orb of fire
 80110 | Zot:5    | Noticed an ancient lich
 80125 | Zot:5    | Noticed an orb of fire
 80129 | Zot:5    | Noticed an orb of fire
 80139 | Zot:5    | Gained mutation: You sometimes yell uncontrollably at your foes. [an orb of fire]
 80141 | Zot:5    | Gained mutation: You are resistant to hostile enchantments. (MR+) [an orb of fire]
 80144 | Zot:5    | HP: 11/240 [orb of fire/fireball (27)]
 80148 | Zot:5    | Gained mutation: You are frail. (-10% HP) [an orb of fire]
 80150 | Zot:5    | Killed from afar by an orb of fire

Skill      XL: |  1  2  3  4  5  6  7  8  9 10 11 12 13 14 15 16 17 18 19 20 21 22 23 24 25 26 27 |
---------------+----------------------------------------------------------------------------------+-----
Long Blades    | 4 5 6 7 9 10 12 13 14 17 20 21 23 24 27 | 27.0
Fighting       | 3 4 5 6 7 9 10 11 12 14 15 16 17 18 19 20 24 | 24.5
Armour         | 2 5 6 8 10 12 14 15 16 18 19 22 | 22.0
Invocations    | 1 4 5 6 8 10 11 | 11.2
Evocations     | 3 6 8 10 12 13 16 | 16.7
Dodging        | 5 7 9 11 12 14 19 | 19.0
Charms         | 6 7 10 14 | 14.0
Spellcasting   | 5 9 12 13 16 17 19 | 19.0
Necromancy     | 4 6 9 11 12 15 | 15.4
Translocations | 6 |  6.0
Air Magic      | 11 14 | 14.4
Summonings     | 9 11 14 18 | 18.0
Stealth        | 11 | 11.0
Throwing       | |  2.0

Action                   |  1- 3 |  4- 6 |  7- 9 | 10-12 | 13-15 | 16-18 | 19-21 | 22-24 | 25-27 || total
-------------------------+-------+-------+-------+-------+-------+-------+-------+-------+-------++-------
Melee: Long sword        |    73 |   177 |   339 |   640 |       |       |       |       |       ||  1229
       Headbutt          |       |     7 |    79 |   216 |   295 |   470 |   478 |   464 |    34 ||  2043
       Great sword       |       |       |       |    50 |  1049 |   555 |       |       |       ||  1654
       Scimitar          |       |       |       |       |    10 |   250 |     9 |       |       ||   269
       Triple sword      |       |       |       |       |       |   737 |  1402 |  1362 |  4079 ||  7580
       Peck              |       |       |       |       |       |       |       |       |   860 ||   860
 Cast: Animate Skeleton  |       |       |       |       |       |       |    28 |    35 |    36 ||    99
       Regeneration      |       |       |       |       |       |       |     5 |    63 |    86 ||   154
       Agony             |       |       |       |       |       |       |       |    11 |     5 ||    16
       Animate Dead      |       |       |       |       |       |       |       |    30 |    45 ||    75
       Deflect Missiles  |       |       |       |       |       |       |       |     8 |    30 ||    38
       Blink             |       |       |       |       |       |       |       |     2 |    24 ||    26
       Corpse Rot        |       |       |       |       |       |       |       |     1 |       ||     1
       Dispel Undead     |       |       |       |       |       |       |       |     2 |   144 ||   146
       Shadow Creatures  |       |       |       |       |       |       |       |     2 |     6 ||     8
       Control Undead    |       |       |       |       |       |       |       |       |    46 ||    46
       Death Channel     |       |       |       |       |       |       |       |       |    49 ||    49
       Apportation       |       |       |       |       |       |       |       |       |     3 ||     3
       Summon Lightning  |       |       |       |       |       |       |       |       |     2 ||     2
       Spectral Weapon   |       |       |       |       |       |       |       |       |    45 ||    45
       Haunt             |       |       |       |       |       |       |       |       |    19 ||    19
Invok: Minor Destruction |       |       |     7 |    78 |    32 |     2 |       |       |       ||   119
       Lesser Servant of |       |       |       |     5 |     1 |       |       |       |       ||     6
       Greater Servant o |       |       |       |       |       |     4 |     2 |     5 |     3 ||    14
       Major Destruction |       |       |       |       |       |     1 |       |     3 |       ||     4
 Abil: Hop               |     1 |     3 |     3 |     7 |     6 |    14 |     8 |    12 |    21 ||    75
Evoke: Wand              |       |     1 |       |     3 |    12 |     5 |     4 |     3 |    11 ||    39
       Lightning rod     |       |       |       |       |       |    16 |     8 |     1 |     3 ||    28
       Box of beasts     |       |       |       |       |       |     1 |       |     2 |     1 ||     4
       Lamp of fire      |       |       |       |       |       |     1 |     6 |     4 |     6 ||    17
       Fan of gales      |       |       |       |       |       |       |     1 |       |     1 ||     2
       Phantom mirror    |       |       |       |       |       |       |       |     1 |       ||     1
       Phial of floods   |       |       |       |       |       |       |       |       |     1 ||     1
  Use: Scroll            |     4 |     7 |     8 |     9 |     6 |    21 |     9 |    28 |    21 ||   113
       Potion            |       |     5 |     1 |       |     1 |     5 |     2 |    12 |    27 ||    53
 Stab: Sleeping          |     1 |       |       |       |       |       |       |     4 |    17 ||    22
       Petrified         |       |       |       |       |     3 |       |       |       |       ||     3
       Confused          |       |       |       |       |     2 |     3 |       |       |     2 ||     7
       Distracted        |       |       |       |       |       |     1 |     2 |     7 |    55 ||    65
       Held in net/web   |       |       |       |       |       |       |     1 |       |       ||     1
  Eat: Chunk             |       |    11 |     6 |    24 |    31 |    20 |    24 |    29 |    43 ||   188
       Meat ration       |       |       |     2 |       |       |       |       |       |     3 ||     5
       Fruit             |       |       |       |     1 |       |    18 |     1 |     4 |    27 ||    51
       Royal jelly       |       |       |       |     1 |       |     6 |     6 |     8 |    10 ||    31
       Bread ration      |       |       |       |       |       |       |       |       |    16 ||    16
Armor: Leather armour    |    32 |    44 |    15 |       |       |       |       |       |       ||    91
       Skin              |       |    38 |       |       |       |       |       |       |       ||    38
       Chain mail        |       |       |   134 |    77 |   470 |   812 |   898 |   316 |       ||  2707
       Ring mail         |       |       |    26 |   227 |       |    49 |       |       |       ||   302
       Scale mail        |       |       |       |       |       |       |       |   303 |  2128 ||  2431
       Plate armour      |       |       |       |       |       |       |       |       |     2 ||     2
Dodge: Dodged            |    62 |   133 |   165 |   343 |   582 |  1429 |  1036 |   955 |  3879 ||  8584
       Deflected         |       |       |       |       |       |       |       |    35 |   186 ||   221
Block: Other             |       |       |       |       |       |       |       |   156 |    13 ||   169
       Rpst.: Long sword |    16 |    45 |    56 |    69 |       |       |       |       |       ||   186
       Great sword       |       |       |       |    10 |   163 |    79 |       |       |       ||   252
       Scimitar          |       |       |       |       |     1 |    48 |     2 |       |       ||    51
       Triple sword      |       |       |       |       |       |   163 |   220 |   202 |   689 ||  1274
